AoeStats
← JRazzz

Arabia

506080956Analyzed
2v2 RM · 21d ago on Sep 12, 2026· 18m 12s· 4 players
Game mode
Random Map
Map size
Medium (4 player)
Population
200
Speed
Normal
Resources
Standard
Victory
Conquest
Starting age
Dark Age
Ending age
Imperial Age
RankedLock teamsTeams togetherTeam positionsShared explorationLock speedFull tech treeHidden civsTurbo modeCheats
Victory
Defeat
🇳🇱 Vikings · Netherlands
1416
+15
🇬🇧 Persians · United Kingdom
1414
+15
🇦🇺 Italians · Australia
1488
-19
🇬🇧 Bengalis · United Kingdom
1282
-11
GUSH ^_-
7:25 Loom
9:54 Feudal Age
10:42 Double-Bit Axe
11:26 Horse Collar
JRazzz
6:25 Loom
8:58 Feudal Age
12:21 Fletching
15:04 Horse Collar
William ShakingSpear
6:30 Loom
9:16 Feudal Age
9:49 Double-Bit Axe
20:23 Castle Age
18:19 Fletching
18:32 Gold Mining
captainscubrat
5:30 Loom
9:04 Feudal Age
10:27 Double-Bit Axe
12:25 Horse Collar
Connection lost

Rejoining the realm…

Still unreachable

The connection could not be restored.

Session expired

The server has moved on; the page needs a fresh start.